 Dungeon Crawl Stone Soup version 0.20.1-1-g8b1a95d (webtiles) character file.

260 letownia2 the Grave Robber (level 5, 13/42 HPs)
             Began as a Deep Dwarf Necromancer on Nov 26, 2017.
             Quit the game on level 6 of the Dungeon.
             The game lasted 00:08:11 (2458 turns).

letownia2 the Grave Robber (Deep Dwarf Necromancer) Turns: 2458, Time: 00:08:12

Health: 13/42      AC:  7    Str: 11    XL:     5   Next: 95%
Magic:  8/8        EV: 11    Int: 17    God:
Gold:   211        SH:  0    Dex: 13    Spells: 5/9 levels left

rFire    . . .     SeeInvis .   a - staff of poison
rCold    . . .     Gourm    .   (no shield)
rNeg     + . .     Faith    .   k - +0 ring mail
rPois    +         Spirit   .   h - +0 helmet
rElec    .         Reflect  .   (no cloak)
rCorr    .         Harm     .   (no gloves)
MR       .....                  n - +0 pair of boots
Stlth    +.........             (no amulet)
Regen    0.0/turn               m - ring of positive energy
MPRegen  0.2/turn               (no ring)

@: non-regenerating
A: damage resistance, heal wounds, sense surroundings 1, no regeneration
a: Heal Wounds


You were on level 6 of the Dungeon.
You were not hungry.

You visited 1 branch of the dungeon, and saw 6 of its levels.

You collected 211 gold pieces.

Inventory:

Hand Weapons
 b - a +0 short sword
Armour
 h - a +0 helmet (worn)
 k - a +0 ring mail (worn)
 n - a +0 pair of boots (worn)
Magical Staves
 a - an uncursed staff of poison (weapon)
Jewellery
 m - a ring of positive energy (left hand)
Scrolls
 f - 2 scrolls of teleportation {unknown}
 g - 7 scrolls of identify {unknown}
Potions
 d - 2 potions of heal wounds {unknown}
 e - a potion of haste {unknown}
 o - a potion of curing {unknown}
 p - 2 potions of resistance {unknown}
 r - a potion of agility {unknown}
Books
 i - a book of Necromancy

   Spells                             Type                      Level
   a - Pain                           Necromancy                   1
   b - Animate Skeleton               Necromancy                   1
   c - Vampiric Draining              Necromancy                   3
   d - Regeneration                   Charms/Necromancy            3
   e - Animate Dead                   Necromancy                   4
   f - Control Undead                 Necromancy                   4
Comestibles
 c - 3 bread rations
 j - 3 royal jellies
 l - a meat ration


   Skills:
 - Level 2.1 Dodging
 - Level 2.4 Stealth
 + Level 2.5 Spellcasting
 + Level 7.5 Necromancy


You had 5 spell levels left.
You knew the following spells:

 Your Spells              Type           Power        Failure   Level  Hunger
a - Pain                  Necr           ####         1%          1    #......
v - Vampiric Draining     Necr           ####......   6%          3    ###....


Dungeon Overview and Level Annotations

Branches:
Dungeon (6/15)
 Temple: D:4-7

Altars:
Ru

Annotations:
D:5 Lanoc's ghost, novice TrCK


Innate Abilities, Weirdness & Mutations

You are resistant to damage.
You can heal yourself by infusing magical energy.
You passively map a small area around you.
You do not regenerate.


Message History

The crimson imp hits you.
You slide downwards.
The hatch slams shut behind you.
Unknown command.
A crimson imp is nearby!
Found a stone staircase leading up.
A quokka and a zombie come into view.
The crimson imp grinds its teeth.
Put on which piece of jewellery? (? for menu, Esc to quit)
Okay, then.
As you read the scroll labeled TIK ZUASERATAM, it crumbles to dust.
You feel blessed for a moment.
It was a scroll of remove curse.
The crimson imp hits you but does no damage.
As you read the scroll labeled QUURINK TOGU, it crumbles to dust.
It is a scroll of amnesia.
Forget which spell ([?*] list [ESC] exit)?
Forget which spell ([?*] list [ESC] exit)?
Okay, then.
The crimson imp hits you but does no damage.
Unknown command.
Are you sure you want to abandon this character and quit the game? (Confirm with "yes".)

#..............
*
#..........<...
,
#..............
,
###............*
####.......... *
* #.............
.....####rZ#####
* ,.... * ##5##,
...> , #.@# ..
,, #### * .,
,,,, * , * , , ,
* * , * ,, ≈≈ ,
, *, , ,, , ,, ,
*,, ≈ , , , , *
,


You could see a crimson imp, a leopard gecko zombie and a quokka.

Vanquished Creatures
  An orc priest (D:4)
  An iguana (D:5)
  An orc wizard (D:4)
  3 worker ants
  6 gnolls (D:4)
  2 adders
  A shadow imp (D:5)
  A worm (D:3)
  A dart slug (D:3)
  4 orcs
  2 giant cockroaches
  A hobgoblin (D:3)
  3 jackals (D:2)
  A giant cockroach zombie (D:5)
  2 kobolds
  A leopard gecko skeleton (D:4)
31 creatures vanquished.

Notes
Turn   | Place    | Note
-------+----------+-------------------------------------------
     0 | D:1      | letownia2 the Deep Dwarf Necromancer began the quest for the Orb.
     0 | D:1      | Reached XP level 1. HP: 15/15 MP: 3/3
   347 | D:4      | Noticed a worker ant
   351 | D:4      | Noticed a worker ant
   425 | D:3      | Reached XP level 2. HP: 20/22 MP: 0/5
   655 | D:3      | Reached skill level 5 in Necromancy
   727 | D:3      | Reached XP level 3. HP: 19/28 MP: 0/6
   732 | D:3      | Learned a level 3 spell: Vampiric Draining
   792 | D:4      | Reached XP level 4. HP: 25/36 MP: 3/7
   880 | D:4      | Reached skill level 6 in Necromancy
  1072 | D:3      | Reached XP level 5. HP: 31/42 MP: 0/8
  1337 | D:4      | Reached skill level 7 in Necromancy
  1639 | D:5      | Entered Level 5 of the Dungeon
  2020 | D:5      | Found a sacrificial altar of Ru.
  2052 | D:5      | Noticed Lanoc's ghost (novice TrCK)
  2458 | D:6      | Quit the game

Skill      XL: |  1  2  3  4  5 |
---------------+----------------+-----
Spellcasting   | 2 |  2.5
Necromancy     | 5 6 7 |  7.5
Dodging        | |  2.1
Stealth        | |  2.4

Action                   |  1- 3 |  4- 6 || total
-------------------------+-------+-------++-------
Melee: Short sword       |     3 |    13 ||    16
       Unarmed           |     2 |       ||     2
       Staff             |     3 |    16 ||    19
 Cast: Pain              |    30 |    23 ||    53
       Vampiric Draining |       |    18 ||    18
  Use: Scroll            |       |     2 ||     2
  Eat: Chunk             |       |     8 ||     8
Armor: Robe              |     3 |       ||     3
       Ring mail         |     4 |    16 ||    20
Dodge: Dodged            |    14 |    44 ||    58
